 Dungeon Crawl Stone Soup version 0.19-a0-1937-g70ed36a (webtiles) character file.

92 varam the Conjurer (level 4, -3/24 HPs)
             Began as a Deep Elf Conjurer on Oct 26, 2016.
             Slain by an orc wizard
             ... wielding a +0 dagger
              (5 damage)
             ... on level 2 of the Dungeon.
             The game lasted 00:08:04 (2925 turns).

varam the Conjurer (Deep Elf Conjurer)              Turns: 2925, Time: 00:08:06

Health: -3/24      AC:  2    Str:  6    XL:     4   Next: 35%
Magic:  3/10       EV: 13    Int: 20    God:
Gold:   26         SH:  0    Dex: 15    Spells: 2 memorised, 6 levels left

rFire  . . .     SeeInvis .     i - +0 dagger (holy)
rCold  . . .     Gourm    .     a - +0 robe
rNeg   + . .     Faith    .     (no shield)
rPois  .         Spirit   .     (no helmet)
rElec  .         Reflect  .     (no cloak)
rCorr  .         Harm     .     (no gloves)
MR     +....                    (no boots)
Stlth  ++........               (no amulet)
                                p - ring of positive energy
                                f - ring of protection from magic

@: no status effects
A: no striking features
a: no special abilities


You were on level 2 of the Dungeon.
You were very hungry.

You visited 1 branch of the dungeon, and saw 3 of its levels.

You collected 26 gold pieces.

Inventory:

Hand Weapons
 i - a +0 dagger of holy wrath (weapon)
Armour
 a - a +0 robe (worn)
Jewellery
 f - a ring of protection from magic (left hand)
 p - a ring of positive energy (right hand)
Scrolls
 e - a scroll of noise {unknown}
 h - a scroll of enchant armour {unknown}
 j - a scroll of remove curse {unknown}
 l - a scroll of random uselessness {unknown}
 m - a scroll of magic mapping {unknown}
 q - a scroll of identify {unknown}
Potions
 g - a potion of mutation {unknown}
 n - a potion of flight {unknown}
 o - a potion of degeneration {unknown}
Books
 b - a book of Conjurations

   Spells                             Type                      Level
   a - Magic Dart                     Conjuration                  1
   b - Searing Ray                    Conjuration                  2
   c - Dazzling Spray                 Conjuration/Hexes            3
   d - Fulminant Prism                Conjuration/Hexes            4
   e - Iskenderun's Mystic Blast      Conjuration                  4
   f - Iskenderun's Battlesphere      Conjuration/Charms           5
Comestibles
 c - 2 bread rations
 k - a beef jerky


   Skills:
 - Level 2.4 Dodging
 - Level 2.4 Stealth
 - Level 3.0 Spellcasting
 + Level 6.4 Conjurations


You had 6 spell levels left.
You knew the following spells:

 Your Spells              Type           Power        Failure   Level  Hunger
a - Magic Dart            Conj           ####         1%          1    None
b - Searing Ray           Conj           ####..       1%          2    ##.....


Dungeon Overview and Level Annotations

Branches:
Dungeon (3/15)

Altars:


Message History

You barely miss something. Something hits you but does no damage.
You completely miss something.
An orc wizard appears from thin air!
Reactivating autopickup.
The orc wizard hits you with a dagger.
* * * LOW HITPOINT WARNING * * *
You hit the orc wizard but do no damage.
The orc wizard is heavily wounded.
The orc wizard hits you but does no damage.
Casting: Searing Ray
Confirm with . or Enter, or press ? or * to list all spells.
Okay, then.
Casting: Searing Ray
Confirm with . or Enter, or press ? or * to list all spells.
Aiming: Searing Ray
Press: ? - help, Shift-Dir - straight line, f - orc wizard
Aim: an orc wizard, wielding a dagger and wearing a robe (heavily wounded)
The searing ray hits the orc wizard.
The orc wizard is heavily wounded.
The orc wizard hits you with a dagger.
You die...

######## ###########
#......# #.........#
#.##.#.# #.(....##.#
#.#....# ##♣♣♣
#..###.##.###......###≈♣♣≈
#..##....@o...#.....#≈♣≈P≈
#..##..##.######.#..P≈P≈≈P
#..##..##.# #...♣≈≈P≈≈≈
#.........# #.#.♣PP≈≈≈≈
#####.##### ##'.........
#.# ##....♣≈≈≈≈≈≈ #.##
##>...≈≈≈≈≈≈≈≈ #..##
##.....♣≈≈≈≈≈≈≈
##...####......P≈≈≈P≈≈♣


You could see an orc wizard.

Vanquished Creatures
  2 adders (D:2)
  An ooze (D:2)
  A worm (D:1)
  2 dart slugs (D:2)
  3 leopard geckos
  5 orcs
  4 bats
  3 giant cockroaches (D:2)
  4 goblins
  6 hobgoblins
  3 jackals (D:1)
  A quokka (D:2)
  2 frilled lizards
  10 kobolds
  7 rats
54 creatures vanquished.

Notes
Turn   | Place    | Note
-------+----------+-------------------------------------------
     0 | D:1      | varam the Deep Elf Conjurer began the quest for the Orb.
     0 | D:1      | Reached XP level 1. HP: 10/10 MP: 6/6
  1002 | D:1      | Reached XP level 2. HP: 15/15 MP: 6/8
  1006 | D:1      | Learned a level 2 spell: Searing Ray
  1032 | D:1      | Reached skill level 5 in Conjurations
  1762 | D:2      | Reached XP level 3. HP: 19/19 MP: 6/9
  1982 | D:2      | Reached skill level 6 in Conjurations
  2132 | D:2      | Found a faded altar of an unknown god.
  2416 | D:2      | Reached XP level 4. HP: 22/24 MP: 7/10
  2925 | D:2      | Slain by an orc wizard

Vault maps used:
D:1:      evilmike_arrival_run_for_it
D:2:      ecumenical_altar_1, serial_bayou_lagoon_b
D:3:      lemuel_doored_altar

Skill      XL: |  1  2  3 |
---------------+----------+-----
Conjurations   | 5 6 |  6.4
Dodging        | |  2.4
Stealth        | |  2.4
Spellcasting   | |  3.0

Action                   |  1- 3 |  4- 6 || total
-------------------------+-------+-------++-------
Melee: Dagger            |    15 |     9 ||    24
 Cast: Magic Dart        |    80 |    13 ||    93
       Searing Ray       |     5 |     4 ||     9
  Eat: Chunk             |     5 |       ||     5
Armor: Robe              |    16 |     3 ||    19
Dodge: Dodged            |    44 |     8 ||    52
